 Dungeon Crawl Stone Soup version 0.22-a0-538-g76cc104 (webtiles) character file.

49179 vineage the Peltast (level 14, -3/92 HPs)
             Began as a Gargoyle Fighter on June 23, 2018.
             Was a High Priest of Okawaru.
             Killed by divine providence
             ... invoked by an orc priest
              (11 damage)
             ... on level 2 of the Orcish Mines.
             The game lasted 00:33:36 (16459 turns).

vineage the Peltast (Gargoyle Fighter)             Turns: 16459, Time: 00:33:37

Health: -3/92      AC: 25    Str: 24    XL:     14   Next: 49%
Magic:  14/14      EV: 13    Int:  9    God:    Okawaru [*****.]
Gold:   1597       SH: 24    Dex: 15    Spells: 13/13 levels left

rFire    + + +     SeeInvis +   i - +5 whip (vamp)
rCold    + + .     Gourm    .   M - +2 shield {rF+}
rNeg     + . .     Faith    .   G - +0 fire dragon scales
rPois    ∞         Spirit   .   (no helmet)
rElec    +         Reflect  +   k - scarf {rC+ rF+}
rCorr    .         Harm     .   y - +2 pair of gloves {Dex+3}
MR       +....                  (no boots)
Stlth    ..........             d - +3 amulet of reflection
HPRegen  0.25/turn              W - ring of see invisible
MPRegen  0.14/turn              m - ring of protection from cold

@: about to teleport, flying, drained
A: big wings, large bone plates 1, cold resistance 1, negative energy resistance
1, electricity resistance, strong 1, unbreathing, petrification resistance, rot
immunity, AC +10
a: Stop Flying, Heroism, Finesse, Renounce Religion


You were on level 2 of the Orcish Mines.
You worshipped Okawaru.
Okawaru was extremely pleased with you.
You were hungry.

You visited 3 branches of the dungeon, and saw 18 of its levels.
You also visited: Ossuary.

You collected 1597 gold pieces.

Inventory:

Hand Weapons
 i - a +5 vampiric whip (weapon)
 F - a +0 scimitar of flaming
 T - the +5 great mace of Fate {crush, *Noise rC- MR++ SInv, unknown}
   (Okawaru gifted it to you on level 14 of the Dungeon)

   It inflicts extra damage upon your enemies.
   It makes you vulnerable to cold.
   It affects your resistance to hostile enchantments.
   It lets you see invisible.
   It may make noises in combat.
Armour
 k - a scarf of resistance (worn)
 y - a +2 pair of gloves of dexterity (worn)
 G - +0 fire dragon scales (worn)
 M - a +2 shield of fire resistance (worn)
 X - the +3 robe of Demons {Int+5}
   (Okawaru gifted it to you on level 15 of the Dungeon)

   It affects your intelligence (+5).
Jewellery
 d - a +3 amulet of reflection (around neck)
 g - an uncursed ring of resist corrosion
 m - a ring of protection from cold (right hand)
 W - a ring of see invisible (left hand)
Wands
 a - a wand of iceblast (6)
 b - a wand of random effects (14)
 c - a wand of polymorph (4)
 j - a wand of disintegration (11)
 n - a wand of acid (8)
 o - a wand of enslavement (8)
 D - a wand of scattershot (12)
 L - a wand of digging (23)
 Q - a wand of flame (10)
Scrolls
 e - 11 scrolls of teleportation
 l - 9 scrolls of remove curse
 p - 7 scrolls of identify
 t - 5 scrolls of blinking {unknown}
 H - a scroll of amnesia
 I - 2 scrolls of acquirement {unknown}
 J - a scroll of magic mapping
 K - a scroll of enchant armour
 S - a scroll of torment {unknown}
 U - a scroll of brand weapon {unknown}
 Y - a scroll of enchant weapon
Potions
 h - 3 potions of curing
 q - 2 potions of resistance
 r - 2 potions of lignification
 s - 5 potions of cancellation
 u - 2 potions of agility
 w - 4 potions of flight
 x - a potion of mutation
 z - 2 potions of ambrosia
 A - 2 potions of degeneration
 B - 2 potions of brilliance
 C - a potion of might
 E - 3 potions of berserk rage
 O - 6 potions of haste
Comestibles
 f - 14 rations
 P - a chunk of flesh


   Skills:
 + Level 12.6(12.4) Fighting
 - Level 0.2(0.1) Long Blades
 + Level 13.0(12.9) Maces & Flails
 + Level 9.5(9.4) Armour
 + Level 5.0(4.9) Dodging
 - Level 15.8(15.7) Shields
 + Level 1.3(1.2) Invocations


You had 13 spell levels left.
You didn't know any spells.
Your spell library contained the following spells:

 Spells                   Type           Power        Failure   Level  Hunger
 Fireball                 Conj/Fire      #.........   100%        5    ######.
 Conjure Flame            Conj/Fire      #.......     96%         3    ####...
 Throw Flame              Conj/Fire      #.....       83%         2    ###....
 Blink                    Tloc           N/A          83%         2    ###....
 Animate Dead             Necr           N/A          100%        4    #####..
 Pain                     Necr           #...         69%         1    ##.....
 Animate Skeleton         Necr           N/A          69%         1    ##.....
 Vampiric Draining        Necr           #.........   96%         3    ####...
 Sticky Flame             Conj/Fire      #.......     100%        4    #####..
 Regeneration             Chrm/Necr      #.........   96%         3    ####...
 Swiftness                Chrm/Air       #.......     83%         2    ###....
 Recall                   Summ/Tloc      N/A          96%         3    ####...
 Flame Tongue             Conj/Fire      #....        69%         1    ##.....
 Ensorcelled Hibernation  Hex/Ice        #.....       83%         2    ###....
 Darkness                 Hex            #.........   100%        6    #######
 Shroud of Golubria       Chrm/Tloc      #.........   83%         2    ###....
 Inner Flame              Hex/Fire       #.......     96%         3    ####...
 Infusion                 Chrm           #...         69%         1    ##.....
 Song of Slaying          Chrm           #.......     83%         2    ###....
 Yara's Violent Unravell  Hex/Tmut       #.........   100%        5    ######.


Dungeon Overview and Level Annotations

Branches:
Dungeon (15/15)            Temple (1/1) D:4            Lair (0/6) D:9
    Orc (2/2) D:10         Vaults (0/5) D:13         Depths (0/5) D:15
    Elf: Orc:2

Altars:
Ashenzari
Cheibriados
Dithmenos
Elyvilon
Fedhas
Gozag
Hepliaklqana
Kikubaaqudgha
Makhleb
Nemelex Xobeh
Okawaru
Qazlal
Ru
Sif Muna
Trog
Uskayaw
Vehumet
Wu Jian
Xom
Yredelemnul
Zin
The Shining One

Shops:
D:8 [   Orc:2 ?*


Innate Abilities, Weirdness & Mutations

You are resistant to torment.
Your stone body is resilient. (AC +10)
You are immune to poison.
Your large and strong wings let you fly indefinitely.
You resist negative energy. (rN+)
You are resistant to electric shocks. (rElec)
You can survive without breathing.
You are immune to petrification.
You are immune to rotting.
You are partially covered in large bone plates. (SH +4)
Your flesh is cold resistant. (rC+)
Your muscles are strong. (Str +2)


Message History

As you read the scroll of fear, it crumbles to dust.
You assume a fearsome visage.
The orc priest looks frightened!
The orc looks frightened!
The orc warrior looks frightened!
The orc looks frightened!
The orc priest looks frightened!
The smoke demon is unaffected.
You block the smoke demon's attack.
The smoke demon hits you but does no damage.
The smoke demon barely misses you.
As you read the scroll of teleportation, it crumbles to dust.
You feel strangely unstable. You block the smoke demon's attack. x2
The smoke demon barely misses you.
Things that are here:
a trident; a plate armour; an orc corpse The orc priest invokes the aid of Beogh against you.
Beogh smites you!
* * * LOW HITPOINT WARNING * * *
Things that are here:
a long sword of distortion; a plate armour The orc priest calls down the wrath of Beogh upon you.
Beogh smites you!
You die...

................#
..........#....##
........#.#..#.#
....<.##......#
.....#.##.#..##
........##... ##
......... .. ### ##.
........##. #.## ##.o
.#........## ##@## #...
.....#.....### ##)##
.............## ##3## #
..............# ##o## ##
..............## ##)##
##o
#.....##.#.#...######o##
##o.
##....#######..##.#..oo##
##o3# #....##
#.......oo..## ##..##
##.###
#.......))...###oo###


You could see a smoke demon, an orc priest and 3 orcs.

Vanquished Creatures
  A fire giant (D:15)
  Harold (D:11)
  2 hydras
  The ghost of kae the Martial Artist, a journeyman DsTm of Okawaru (D:10)
  2 centaur warriors (D:15)
  11 two-headed ogres
  A death knight (D:9)
  A tengu warrior (D:13)
  A slime creature (D:15)
  5 skeletal warriors (D:14)
  4 unseen horrors
  6 orc knights
  2 necromancers (D:13)
  13 ugly things
  A faun (shapeshifter) (D:15)
  An orc sorcerer (Orc:2)
  A manticore (D:15)
  2 cyclopes
  A spectral centaur (D:10)
  A salamander (shapeshifter) (D:15)
  Maurice (D:11)
  5 centaur zombies
  Psyche (D:8)
  Joseph (D:8)
  3 gargoyles
  An efreet (D:9)
  A komodo dragon (D:9)
  2 tengu conjurers (D:14)
  5 trolls
  2 hornets
  5 hippogriffs
  The ghost of pedritolo the Ruffian, an amateur TrBe of Trog (D:3)
  A vampire (D:9)
  A spriggan (shapeshifter) (D:14)
  3 yaks (D:11)
  4 vampire mosquitoes (D:13)
  3 wargs
  A soldier ant (D:13)
  2 hell hounds (D:9)
  3 water moccasins
  3 ice beasts
  A meliai simulacrum (D:10)
  Duvessa (D:7)
  21 orc warriors
  A sky beast (D:10)
  A black bear (D:13)
  A necrophage (D:5)
  6 ogres
  3 phantoms
  7 centaurs
  A crocodile (D:9)
  4 big kobolds
  10 bullfrogs
  Dowan (D:7)
  5 scorpions
  10 killer bees
  11 wights
  5 howler monkeys
  3 electric eels (D:8)
  3 bullfrog zombies
  8 crimson imps
  9 jellies
  3 quasits
  6 hounds
  15 orc priests
  14 orc wizards
  Crazy Yiuf (D:3)
  3 bullfrog skeletons
  3 centaur skeletons
  Jessica (D:2)
  3 iguanas
  4 worker ants
  A killer bee zombie (D:6)
  12 mummies (Ossuary)
  Robin (D:2)
  4 gnolls (D:5)
  2 howler monkey skeletons
  11 adders
  7 shadow imps
  8 oozes (D:2)
  An adder zombie (D:9)
  An adder skeleton (D:6)
  2 worms
  A dart slug (D:3)
  An adder simulacrum (D:3)
  8 leopard geckos
  69 orcs
  A ball python (D:1)
  6 bats
  3 giant cockroaches
  17 goblins
  7 hobgoblins
  8 jackals
  3 quokkas
  A ball python simulacrum (D:3)
  7 frilled lizards
  3 gnoll skeletons (Ossuary)
  2 jackal zombies (D:5)
  25 kobolds
  A kobold skeleton (Ossuary)
  4 orc skeletons (Ossuary)
  A quokka simulacrum (D:3)
  A quokka skeleton (D:4)
  10 rats
  11 rat skeletons (Ossuary)
512 creatures vanquished.

Vanquished Creatures (others)
  A centaur warrior (D:15)
  An orc (D:15)
  A kobold (D:7)
  A quokka (D:15)
  A plant (D:8)
  10 toadstools (D:2)
15 creatures vanquished.

Grand Total: 527 creatures vanquished

Notes
Turn   | Place    | Note
-------+----------+-------------------------------------------
     0 | D:1      | vineage the Gargoyle Fighter began the quest for the Orb.
     0 | D:1      | Reached XP level 1. HP: 14/14 MP: 1/1
   125 | D:1      | Reached XP level 2. HP: 15/19 MP: 2/2
   591 | D:2      | Reached XP level 3. HP: 24/24 MP: 3/3
   646 | D:2      | Noticed Jessica
   653 | D:2      | Killed Jessica
   659 | D:2      | Reached XP level 4. HP: 27/29 MP: 4/4
   676 | D:2      | Noticed Robin
   723 | D:2      | Killed Robin
  1050 | D:2      | Reached XP level 5. HP: 9/33 MP: 5/5
  1413 | D:2      | Reached skill level 5 in Maces & Flails
  2046 | D:3      | Reached XP level 6. HP: 38/38 MP: 6/6
  2197 | D:3      | Found a runed gate.
  2197 | D:3      | Found a runed gate.
  2197 | D:3      | Found a runed gate.
  2503 | D:3      | Found a runed door.
  2706 | D:3      | Noticed pedritolo's ghost (amateur TrBe)
  2789 | D:3      | Killed pedritolo's ghost
  2882 | D:3      | Noticed Crazy Yiuf
  2898 | D:3      | Killed Crazy Yiuf
  2898 | D:3      | Reached XP level 7. HP: 44/44 MP: 7/7
  2993 | D:4      | Found a staircase to the Ecumenical Temple.
  3024 | Temple   | Entered the Ecumenical Temple
  3195 | D:4      | Found a sand-covered staircase.
  3205 | Ossuary  | Entered an ossuary
  3624 | D:4      | Found a sparkling altar of Nemelex Xobeh.
  3624 | D:4      | Found a sacrificial altar of Ru.
  3625 | D:4      | Found an iron altar of Okawaru.
  3625 | D:4      | Found an ancient bone altar of Kikubaaqudgha.
  3626 | D:4      | Found a snail-covered altar of Cheibriados.
  3627 | D:4      | Found a bloodstained altar of Trog.
  3634 | D:4      | Became a worshipper of Warmaster Okawaru
  4284 | D:5      | Entered Level 5 of the Dungeon
  4319 | D:5      | Reached skill level 5 in Fighting
  4322 | D:5      | Reached XP level 8. HP: 49/49 MP: 8/8
  4571 | D:5      | Reached * piety under Okawaru
  4918 | D:5      | Reached skill level 4 in Shields
  5424 | D:6      | Reached XP level 9. HP: 41/55 MP: 9/9
  5433 | D:6      | Reached skill level 5 in Shields
  5460 | D:6      | Reached ** piety under Okawaru
  5929 | D:6      | Gained mutation: Your flesh is cold resistant. (rC+) [potion of mutation]
  5929 | D:6      | Gained mutation: You are partially covered in large bone plates. (SH +4) [potion of mutation]
  5929 | D:6      | Gained mutation: Your large and strong wings let you fly indefinitely. [potion of mutation]
  5929 | D:6      | Gained mutation: Your muscles are strong. (Str +2) [potion of mutation]
  5973 | D:7      | Reached skill level 6 in Shields
  6084 | D:7      | Reached skill level 10 in Maces & Flails
  6169 | D:7      | Noticed Duvessa
  6170 | D:7      | Noticed Dowan
  6186 | D:7      | Killed Dowan
  6215 | D:7      | Killed Duvessa
  6223 | D:7      | Identified the Incunabulum of Spatial Execration
  6415 | D:7      | Reached *** piety under Okawaru
  6415 | D:7      | Reached skill level 5 in Armour
  6459 | D:7      | Reached skill level 7 in Shields
  6563 | D:8      | Noticed Joseph
  6583 | D:8      | Killed Joseph
  6583 | D:8      | Reached skill level 8 in Shields
  6583 | D:8      | Reached XP level 10. HP: 61/61 MP: 10/10
  6618 | D:8      | Reached **** piety under Okawaru
  6624 | D:8      | Received a gift from Okawaru
  6652 | D:8      | Noticed a death knight
  6865 | D:8      | Noticed Psyche
  6882 | D:8      | Killed Psyche
  6945 | D:8      | Reached skill level 9 in Shields
  7197 | D:8      | Noticed a two-headed ogre
  7212 | D:8      | Killed a two-headed ogre
  7253 | D:8      | Found Faidwa's Armour Shop.
  7296 | D:9      | Found a staircase to the Lair.
  7523 | D:9      | Reached ***** piety under Okawaru
  7523 | D:9      | Reached XP level 11. HP: 48/68 MP: 11/11
  7527 | D:9      | Noticed a red ugly thing
  7560 | D:9      | Killed a red ugly thing
  7560 | D:9      | Reached skill level 1 in Dodging
  7560 | D:9      | Reached skill level 10 in Shields
  7598 | D:9      | Killed an unseen horror
  7612 | D:9      | Noticed a death knight
  7647 | D:9      | Killed a death knight
  7669 | D:9      | Killed an unseen horror
  8438 | D:9      | Received a gift from Okawaru
  8630 | D:9      | Found a glowing golden altar of the Shining One.
  8631 | D:9      | Found an opulent altar of Gozag.
  8788 | D:10     | Entered Level 10 of the Dungeon
  8895 | D:10     | Found a staircase to the Orcish Mines.
  9203 | D:10     | Found a runed gate.
  9203 | D:10     | Found a runed gate.
  9204 | D:10     | Found a runed gate.
  9204 | D:10     | Noticed kae's ghost (journeyman DsTm)
  9251 | D:10     | Reached skill level 11 in Shields
  9321 | D:10     | Noticed a two-headed ogre
  9335 | D:10     | Killed a two-headed ogre
  9622 | D:10     | Killed kae's ghost
  9646 | D:10     | Reached XP level 12. HP: 48/76 MP: 12/12
  9699 | D:11     | Noticed Maurice
  9768 | D:11     | Killed Maurice
  9847 | D:11     | Received a gift from Okawaru
  9915 | D:11     | Reached skill level 10 in Fighting
  9979 | D:11     | Noticed a two-headed ogre
 10008 | D:11     | Killed a two-headed ogre
 10193 | D:11     | Reached skill level 12 in Shields
 10222 | D:11     | Noticed Harold
 10273 | D:11     | Killed Harold
 10436 | D:11     | Noticed a five-headed hydra
 10445 | D:11     | Killed a one-headed hydra
 11150 | D:12     | Noticed a two-headed ogre
 11160 | D:12     | Killed a two-headed ogre
 11636 | D:12     | Reached skill level 13 in Shields
 11691 | D:12     | Reached ****** piety under Okawaru
 11855 | D:13     | Noticed a tengu warrior
 11892 | D:13     | Killed a tengu warrior
 11892 | D:13     | Received a gift from Okawaru
 11892 | D:13     | Reached XP level 13. HP: 78/84 MP: 13/13
 12333 | D:13     | Found a gate to the Vaults.
 12763 | D:14     | Reached skill level 14 in Shields
 12811 | D:14     | Received a gift from Okawaru
 12812 | D:14     | Got an ivory great mace {god gift}
 13845 | D:14     | Identified Xuisch's Grimoire of Scorching Enhancements
 14242 | D:15     | Entered Level 15 of the Dungeon
 14307 | D:15     | Found a staircase to the Depths.
 14308 | D:15     | Noticed a fire giant
 14355 | D:15     | Killed a fire giant
 14414 | D:15     | Received a gift from Okawaru
 14417 | D:15     | Got a heavily jewelled robe {god gift}
 14629 | D:15     | Reached skill level 15 in Shields
 14638 | D:15     | Mutation became permanent: Your large and strong wings let you fly indefinitely. [Gargoyle growth]
 14638 | D:15     | Gained mutation: Your large and strong wings let you fly indefinitely. [Gargoyle growth]
 14638 | D:15     | Reached XP level 14. HP: 80/92 MP: 14/14
 15356 | D:15     | Found a white marble altar of Elyvilon.
 15429 | D:15     | Identified the +3 robe of Demons {Int+5} (Okawaru gifted it to you on level 15 of the Dungeon)
 15580 | Orc:1    | Entered Level 1 of the Orcish Mines
 16089 | Orc:2    | Entered Level 2 of the Orcish Mines
 16127 | Orc:2    | Paralysed by an orc sorcerer for 5 turns
 16329 | Orc:2    | Found Enlontyph's General Store.
 16330 | Orc:2    | Found Kavaux's Magic Scroll Boutique.
 16425 | Orc:2    | Reached skill level 1 in Invocations
 16432 | Orc:2    | Reached skill level 5 in Dodging
 16459 | Orc:2    | Killed from afar by an orc priest

Vault maps used:
D:1:      erik_arrival_blinker_ship
D:2:      cheibrodos_fertilizer, uniq_jessica, uniq_robin
D:3:      first_ration, gammafunk_ghost_icy, uniq_crazy_yiuf_cottage
D:4:      minitemple, temple_statues, chequers_ossuary_entry_cave
D:6:      grunt_ministairs_5
D:7:      eino_jars, uniq_duvessa
D:8:      serial_shops, kennysheep_little_box, serial_bayou_lagoon_a,
          hangedman_ranch, nicolae_gozag_seed_capital, uniq_psyche, uniq_joseph
D:9:      minmay_curly_fans, gammafunk_temple_overflow_statue,
          minmay_lair_entry_lava
D:10:     david_orc_3, gammafunk_ghost_necromancy
D:11:     uniq_maurice, uniq_harold
D:12:     kennysheep_generic_room_3
D:13:     david_vaults_1
D:14:     minmay_misc_feat_encased
D:15:     grunt_enter_depths_giant_problem, elyvilon_altar_4
Temple:   eino_narrow_crystal_temple
Orc:1:    cheibrodos_orc_arena
Orc:2:    pf_orc_diabolical, mines1_david, uniq_azrael
Ossuary:  ossuary_due_small_catacomb

Skill      XL: |  1  2  3  4  5  6  7  8  9 10 11 12 13 14 |
---------------+-------------------------------------------+-----
Maces & Flails | 3 4 5 6 8 9 10 11 12 13 | 13.0
Fighting       | 4 5 6 7 9 11 12 | 12.6
Shields        | 4 8 9 11 13 15 | 15.8
Armour         | 4 5 6 7 8 9 |  9.5
Dodging        | 2 3 4 5 |  5.0
Invocations    | 1 |  1.3
Long Blades    | |  0.2

Action                   |  1- 3 |  4- 6 |  7- 9 | 10-12 | 13-15 || total
-------------------------+-------+-------+-------+-------+-------++-------
Melee: Flail             |    73 |   164 |       |       |       ||   237
       Whip              |       |    84 |   727 |  1147 |  1411 ||  3369
       Scimitar          |       |       |       |    11 |    12 ||    23
       Unarmed           |       |       |       |     4 |       ||     4
Invok: Heroism           |       |       |       |     3 |     5 ||     8
 Abil: Fly               |       |       |     1 |       |       ||     1
Evoke: Wand              |       |       |       |       |     1 ||     1
  Use: Potion            |       |     3 |     2 |     3 |     7 ||    15
       Scroll            |       |     7 |    17 |     4 |     2 ||    30
 Stab: Distracted        |       |     1 |       |       |     1 ||     2
       Held in net/web   |       |       |       |     2 |       ||     2
  Eat: Ration            |       |     3 |     2 |     4 |     4 ||    13
       Chunk             |       |     1 |     6 |     9 |     6 ||    22
Armor: Scale mail        |    44 |    71 |       |       |       ||   115
       Chain mail        |       |    41 |    91 |       |       ||   132
       Fire dragon scale |       |       |   146 |   349 |   229 ||   724
Dodge: Dodged            |    26 |    72 |   103 |   156 |   129 ||   486
Block: Shield            |    47 |   112 |   453 |   857 |   962 ||  2431
       Reflection        |       |       |     4 |    22 |    20 ||    46
       Rpst.: Scimitar   |       |       |       |     1 |     1 ||     2

Table legend:
 A = Spawn XP
 B = Non-spawn XP
 C = Spawn XP percentage of total XP
 D = Spawn monster count
 E = Non-spawn monster count
 F = Spawn count percentage of total count
 G = Total turns spent on level
                    A         B        C        D         E        F      G
               +---------+---------+-------+---------+---------+-------+---------
         Total |       0 |   70256 |   0.0 |       0 |     513 |   0.0 | 16459
               +---------+---------+-------+---------+---------+-------+---------
           D:1 |       0 |      30 |   0.0 |       0 |      19 |   0.0 |   572
           D:2 |       0 |     230 |   0.0 |       0 |      46 |   0.0 |  1251
           D:3 |       0 |     381 |   0.0 |       0 |      29 |   0.0 |  1112
           D:4 |       0 |     158 |   0.0 |       0 |      12 |   0.0 |   826
           D:5 |       0 |     916 |   0.0 |       0 |      28 |   0.0 |   786
           D:6 |       0 |    1095 |   0.0 |       0 |      28 |   0.0 |   881
           D:7 |       0 |    1056 |   0.0 |       0 |      22 |   0.0 |   580
           D:8 |       0 |    3669 |   0.0 |       0 |      35 |   0.0 |   749
           D:9 |       0 |    6117 |   0.0 |       0 |      29 |   0.0 |  1508
          D:10 |       0 |    4643 |   0.0 |       0 |      32 |   0.0 |   928
          D:11 |       0 |    7371 |   0.0 |       0 |      31 |   0.0 |   958
          D:12 |       0 |    5059 |   0.0 |       0 |      32 |   0.0 |  1171
          D:13 |       0 |    8594 |   0.0 |       0 |      37 |   0.0 |   968
          D:14 |       0 |    6853 |   0.0 |       0 |      13 |   0.0 |  1547
          D:15 |       0 |   18188 |   0.0 |       0 |      38 |   0.0 |  1220
         Orc:1 |       0 |    3607 |   0.0 |       0 |      32 |   0.0 |   509
         Orc:2 |       0 |    2057 |   0.0 |       0 |      20 |   0.0 |   370
       Ossuary |       0 |     232 |   0.0 |       0 |      30 |   0.0 |   367
               +---------+---------+-------+---------+---------+-------+---------
